 Dungeon Crawl Stone Soup version 0.25.1-2-g60ff931df9 (webtiles) character file.

Game seed: 7446401322733796063

213803 Garessta the Unseen (level 17, -1/88 HPs)
             Began as a Spriggan Enchanter on Oct 16, 2020.
             Was the Champion of Dithmenos.
             Slain by the 27-headed Lernaean hydra (7 damage)
             ... on level 4 of the Swamp.
             The game lasted 03:22:35 (45414 turns).

Garessta the Unseen (Spriggan Enchanter)           Turns: 45414, Time: 03:22:35

Health: -1/88      AC:  6    Str:  7    XL:     17   Next: 82%
Magic:  0/32       EV: 36    Int: 23    God:    Dithmenos [******]
Gold:   3883       SH:  9    Dex: 25    Spells: 15/37 levels left

rFire    . . .     SeeInvis +   I - +7 dagger (venom)
rCold    . . .     Gourm    .   L - +0 buckler
rNeg     . . .     Faith    .   W - +2 robe of Esock {rElec Str+3 Stlth+}
rPois    +         Spirit   +   (helmet restricted)
rElec    +         Reflect  .   P - +1 cloak "Wuijyoc" {rPois MR+ Dex+2}
rCorr    .         Harm     .   (gloves unavailable)
MR       +++..                  (boots unavailable)
Stlth    ++++++++++             F - amulet of guardian spirit
HPRegen  0.24/turn              n - ring of flight
MPRegen  0.23/turn              G - ring of Wigy {rPois Int+6 Slay+2}

@: flying (expiring), wreathed by umbra, very quick
A: very small, unfitting armour, horns 2, see invisible, herbivore, speed 3,
mutation resistance 1, slow metabolism 2
}: 2/15 runes: decaying, gossamer
a: Shadow Step, Shadow Form, Renounce Religion, Stop Flying


You were on level 4 of the Swamp.
You worshipped Dithmenos.
Dithmenos was exalted by your worship.
You were very full.

You visited 5 branches of the dungeon, and saw 30 of its levels.
You also visited: Sewer and Ossuary.

You collected 3883 gold pieces.

Inventory:

Hand Weapons
 I - a +7 dagger of venom (weapon)
Missiles
 Z - 7 boomerangs (quivered)
Armour
 q - a scarf of resistance
 L - a +0 buckler (worn)
 P - the +1 cloak "Wuijyoc" (worn) {rPois MR+ Dex+2}
   (You found it on level 1 of the Swamp)

   It affects your dexterity (+2).
   It protects you from poison.
   It affects your resistance to hostile enchantments.
 W - the +2 robe of Esock (worn) {rElec Str+3 Stlth+}
   (You found it on level 6 of the Lair of Beasts)

   It affects your strength (+3).
   It insulates you from electricity.
   It makes you more stealthy.
Jewellery
 g - an uncursed ring of resist corrosion
 l - an uncursed ring of wizardry
 n - a ring of flight (left hand)
 s - an uncursed ring of protection from fire
 u - an uncursed ring of positive energy
 z - an uncursed ring of protection from magic
 C - an uncursed ring of protection from magic
 F - an amulet of guardian spirit (around neck)
 G - the ring of Wigy (right hand) {rPois Int+6 Slay+2}
   (You acquired it on level 6 of the Lair of Beasts)

   [ring of intelligence]

   It affects your intelligence (+6).
   It affects your accuracy and damage with ranged weapons and melee attacks
   (+2).
   It protects you from poison.
 H - an uncursed ring of protection from cold
 J - an uncursed ring of positive energy
 Q - an uncursed ring of protection from magic
Wands
 h - a wand of clouds (12)
 p - a wand of digging (4)
 r - a wand of paralysis (26)
 K - a wand of polymorph (6)
 T - a wand of acid (21)
 U - a wand of disintegration (14)
 Y - a wand of iceblast (6)
Scrolls
 a - 4 scrolls of fog
 b - 9 scrolls of amnesia
 d - 9 scrolls of remove curse
 x - 7 scrolls of magic mapping
 y - 11 scrolls of teleportation
 D - a scroll of summoning
 M - 12 scrolls of identify
 N - a scroll of holy word
 O - 2 scrolls of fear
 V - 3 scrolls of blinking
Potions
 c - 5 potions of ambrosia
 e - 3 potions of heal wounds
 f - 6 potions of brilliance
 i - 6 potions of lignification
 j - 13 potions of curing
 k - 2 potions of resistance
 m - 10 potions of haste
 o - 5 potions of cancellation
 t - 4 potions of berserk rage
 v - 4 potions of flight
 w - 3 potions of magic
 A - a potion of invisibility
 B - 3 potions of stabbing
 X - 2 potions of might
Miscellaneous
 R - a phial of floods
 S - a phial of floods
Comestibles
 E - 23 rations


   Skills:
 + Level 9.7 Fighting
 + Level 13.4 Short Blades
 + Level 17.1 Dodging
 + Level 18.6 Stealth
 - Level 7.2 Shields
 - Level 10.5 Spellcasting
 + Level 15.5 Hexes
 * Level 8.3 Translocations
 - Level 7.9 Transmutations
 - Level 6.5 Poison Magic
 + Level 7.9 Invocations
 + Level 4.5 Evocations


You had 15 spell levels left.
You knew the following spells:

 Your Spells              Type           Power        Failure   Level  Hunger
a - Tukima's Dance        Hex            ######..     1%          3    None
b - Ensorcelled Hibernat  Hex/Ice        #####.       1%          2    None
c - Confusing Touch       Hex            ######..     1%          3    None
d - Dazzling Flash        Conj/Hex       #####.       1%          3    None
e - Blink                 Tloc           N/A          1%          2    None
f - Mephitic Cloud        Conj/Pois/Air  ###.....     7%          3    None
g - Ignite Poison         Fire/Tmut/Pois ####....     2%          3    None
h - Gell's Gravitas       Tloc           ######....   1%          3    None

Your spell library contained the following spells:

 Spells                   Type           Power        Failure   Level  Hunger
 Corona                   Hex            ######.      0%          1    None
 Slow                     Hex            ######..     0%          2    None
 Inner Flame              Hex/Fire       #####...     1%          3    None
 Portal Projectile        Hex/Tloc       ######       1%          3    None
 Summon Guardian Golem    Hex/Summ       #####...     1%          3    None
 Cause Fear               Hex            ######....   1%          4    #......
 Leda's Liquefaction      Hex/Erth       #####.....   2%          4    #......
 Animate Skeleton         Necr           N/A          5%          1    None
 Magic Dart               Conj           ##..         5%          1    None
 Pain                     Necr           ##..         5%          1    None
 Shock                    Conj/Air       ##..         5%          1    None
 Summon Butterflies       Summ           ##......     5%          1    None
 Summon Small Mammal      Summ           ##..         5%          1    None
 Summon Mana Viper        Hex/Summ       #####...     6%          5    ####...
 Call Imp                 Summ           ##......     9%          2    None
 Call Canine Familiar     Summ           ##......     16%         3    None
 Conjure Flame            Conj/Fire      ##......     16%         3    None
 Static Discharge         Conj/Air       ##......     16%         3    None
 Vampiric Draining        Necr           ##........   16%         3    None
 Dispersal                Tloc           ######....   26%         6    ######.
 Animate Dead             Necr           N/A          47%         4    #......
 Sticky Flame             Conj/Fire      ##......     47%         4    #......
 Summon Ice Beast         Ice/Summ       ##......     47%         4    #......
 Summon Lightning Spire   Summ/Air       ##......     47%         4    #......
 Agony                    Necr           ##......     83%         5    ####...
 Bolt of Magma            Conj/Fire/Erth ##........   83%         5    ####...
 Fireball                 Conj/Fire      ##........   83%         5    ####...
 Lightning Bolt           Conj/Air       ##........   83%         5    ####...
 Statue Form              Tmut/Erth      ####.....    85%         6    ######.
 Iron Shot                Conj/Erth      ##........   100%        6    ######.
 Starburst                Conj/Fire      ##........   100%        6    ######.
 Ring of Flames           Chrm/Fire      ##........   100%        7    #######
 Summon Hydra             Summ           ##........   100%        7    #######
 Ignition                 Fire           ##........   100%        8    #######
 Shatter                  Erth           ##........   100%        9    #######
 Tornado                  Air            ##........   100%        9    #######


Dungeon Overview and Level Annotations

Branches:
Dungeon (15/15)            Temple (0/1) D:7            Lair (6/6) D:9
  Swamp (4/4) Lair:3       Spider (4/4) Lair:3        Slime (0/5) Lair:5
    Orc (0/2) D:10         Vaults (0/5) D:14         Depths (1/5) D:15
  Sewer (visited)         Ossuary (visited)

Altars:
Ashenzari
Dithmenos
Elyvilon
Gozag
Hepliaklqana
Makhleb
Okawaru
Qazlal
Ru
Sif Muna
Trog
Uskayaw
The Shining One

Annotations:
D:6 3 runed translucent doors, toph's ghost, novice DsFi
D:14 exclusions: tormentor and 2 more exclusions
Swamp:1 Iffuusoj's ghost, adept MiBe
Swamp:4 Lernaean hydra


Innate Abilities, Weirdness & Mutations

You are very small and have problems with some larger weapons.
You are too small for most types of armour.
You have supernaturally acute eyesight. (SInv)
You are a herbivore.
You cover ground extremely quickly.
You need to consume almost no food.
You have a pair of horns on your head.
You are somewhat resistant to further mutation.


Message History

Confirm with . or Enter, or press ? or * to list all spells.
You blink.
The five-headed hydra roars!
The swamp dragon roars deafeningly!
The swamp dragon is engulfed in blazing flames. x2
The thorn hunter is engulfed in blazing flames.
The 27-headed Lernaean hydra bites you.
The 27-headed Lernaean hydra bites you but does no damage.
The 27-headed Lernaean hydra completely misses you.
The 27-headed Lernaean hydra closely misses you.
The 27-headed Lernaean hydra bites you!
* * * LOW HITPOINT WARNING * * *
The 27-headed Lernaean hydra completely misses you.
The 27-headed Lernaean hydra bites you!
* * * LOW HITPOINT WARNING * * *
You emit a cloud of dark smoke.
The 27-headed Lernaean hydra closely misses you.
The 27-headed Lernaean hydra bites you!
* * * LOW HITPOINT WARNING * * *
The 27-headed Lernaean hydra bites you!
You die...

♣≈§.≈≈.♣♣♣♣♣≈≈≈≈≈....
♣≈≈≈≈≈≈
...≈≈≈≈♣....≈≈≈.♣♣♣♣
≈.%≈≈≈..
...≈≈≈≈.≈≈≈≈≈≈≈.♣.≈♣♣
...≈≈≈≈≈≈.
♣≈≈≈≈≈≈≈≈≈≈§≈≈≈.≈..§♣
♣...≈P≈D≈≈.
.§≈≈≈≈...≈≈≈§v≈♣♣≈≈♣♣
♣...≈......
♣..≈...≈....≈k.♣♣♣♣♣
♣...#.≈...≈.
≈..≈♣≈..≈≈.≈≈D≈♣..♣♣
.≈...≈≈....♣
§..≈♣♣♣.≈≈.♣♣yD§§§§♣≈....♣.
[≈♣♣≈♣♣.§..≈♣♣♣D@§i♣≈.♣#≈≈≈
≈♣♣♣....)♣♣♣♣ ♣♣§§≈...≈≈≈≈
≈.♣♣♣≈≈≈≈.♣ ♣○≈○≈≈≈≈.. ≈.♣
♣.≈≈≈≈♣ ♣○fk≈§≈.♣ ♣♣♣
♣≈..≈.♣ ♣♣D☼○○.♣♣
≈♣♣♣♣..≈.♣♣♣♣ ♣PD○☼P♣
♣.≈♣♣♣♣.≈≈≈≈♣ ♣♣☼○○P♣♣ ♣
.≈.♣♣ ♣♣.≈≈♣♣♣♣♣♣♣♣.☼☼○♣○♣
≈≈≈≈♣♣♣♣.≈.♣♣.≈≈.☼○○○☼☼○♣
#.≈


You could see the 27-headed Lernaean hydra, a thorn hunter, a five-headed hydra,
3 swamp dragons, a spriggan druid, 2 swamp drakes, a vampire mosquito and an
insubstantial wisp (wandering).

Vanquished Creatures
  Mara (Swamp:4)
  Nikola (Spider:3)
  Arachne (Spider:2)
  The ghost of Zoigrime the Blocker, an adept FoFi of Jiyva (Swamp:1)
  The ghost of Uhufain the Severer, an adept HOMo of Beogh (Swamp:1)
  A thorn hunter (Swamp:2)
  4 emperor scorpions
  4 ghost moths
  Louise (Swamp:4)
  2 entropy weavers
  The ghost of Riag the Ripper, a journeyman FeBe of Trog (Swamp:1)
  Nessos (D:13)
  A dire elephant (D:15)
  2 spark wasps (Spider:4)
  An ettin (D:15)
  A catoblepas (Lair:6)
  4 vault guards (D:14)
  Fannar (Lair:2)
  An ogre mage (D:15)
  Harold (D:8)
  Erolcha (D:9)
  16 hydras
  3 death knights
  3 centaur warriors
  A ghost crab (Swamp:1)
  10 alligators
  11 death yaks
  8 two-headed ogres
  A deep troll shaman (Lair:6)
  11 skeletal warriors (D:14)
  3 spriggan druids
  6 swamp dragons
  Pikel (D:8)
  A lindwurm (Lair:6)
  33 wolf spiders
  An orc knight (D:15)
  21 orb spiders
  12 ugly things
  A deep elf mage (D:13)
  11 slime creatures
  A moth of wrath (Spider:4)
  A cyclops (D:13)
  6 elephants
  4 torpor snails
  A centaur zombie (D:14)
  A black mamba (Lair:6)
  Psyche (D:8)
  3 manticores
  A naga mage (D:15)
  2 gargoyles
  Maggie (D:6)
  7 spiny frogs
  A komodo dragon (shapeshifter) (D:15)
  7 komodo dragons
  3 rime drakes
  18 demonic crawlers
  A kobold demonologist (D:14)
  A tengu conjurer (D:12)
  3 meliai (Spider:2)
  48 jumping spiders
  3 polar bears
  17 hornets
  5 trolls
  7 tyrant leeches
  A polar bear (shapeshifter) (D:15)
  A raiju (shapeshifter) (D:14)
  3 bog bodies
  17 blink frogs
  5 hippogriffs
  51 redbacks
  2 vampires
  4 shadows
  26 tarantellas
  7 spriggans
  24 yaks
  A fire elemental (Lair:2)
  5 wraiths
  3 wyverns
  6 basilisks
  2 wargs (D:10)
  16 vampire mosquitoes
  11 swamp worms
  A steam dragon (D:11)
  Menkaure (D:7)
  Duvessa (D:7)
  12 insubstantial wisps
  15 orc warriors
  11 water moccasins
  19 porcupines
  4 ice beasts
  8 swamp drakes
  6 black bears
  A hornet zombie (D:7)
  4 sky beasts
  An eye of draining (D:13)
  7 ogres
  A phantom (D:10)
  13 wolves
  13 crocodiles
  11 centaurs
  18 bullfrogs
  Blork the orc (D:5)
  2 gnoll sergeants
  3 big kobolds
  3 scorpions
  Dowan (D:7)
  A wyvern skeleton (D:14)
  4 killer bees (D:12)
  8 howler monkeys
  16 crimson imps
  2 bullfrog zombies
  9 orc priests
  6 jellies
  5 hounds
  15 orc wizards
  Crazy Yiuf (D:5)
  4 centaur skeletons
  6 iguanas
  15 worker ants
  A hound zombie (D:7)
  8 mummies (Ossuary)
  2 worker ant zombies
  4 gnolls (D:7)
  14 adders
  A river rat (Sewer)
  5 shadow imps
  3 oozes
  A worm (D:2)
  8 leopard geckos
  57 orcs
  3 giant cockroaches
  2 gnoll zombies (Ossuary)
  12 goblins
  11 hobgoblins
  11 jackals
  19 kobolds
  5 quokkas
  6 bats
  4 frilled lizards
  A goblin zombie (D:5)
  A hobgoblin zombie (Ossuary)
  4 kobold zombies (Ossuary)
  An orc zombie (Ossuary)
  A quokka skeleton (D:5)
  A quokka zombie (D:5)
  9 rats
  2 briar patches (Swamp:4)
  A bush (D:5)
  2 fungi
963 creatures vanquished.

Vanquished Creatures (collateral kills)
  Rupert (Lair:5)
  A tarantella (Spider:2)
2 creatures vanquished.

Vanquished Creatures (others)
  A hydra (Lair:5)
  A wolf (Lair:3)
  An orc wizard (D:10)
  3 briar patches (Swamp:4)
  11 fungi
  2 plants (Lair:6)
  4 toadstools (D:1)
  2 withered plants (Swamp:1)
25 creatures vanquished.

Grand Total: 990 creatures vanquished

Notes
Turn   | Place    | Note
-------+----------+-------------------------------------------
     0 | D:1      | Garessta the Spriggan Enchanter began the quest for the
                  | Orb.
     0 | D:1      | Reached XP level 1. HP: 9/9 MP: 5/5
   396 | D:1      | Reached XP level 2. HP: 8/13 MP: 4/6
   404 | D:1      | Learned a level 2 spell: Ensorcelled Hibernation
  1253 | D:1      | Reached XP level 3. HP: 9/16 MP: 0/8
  1460 | D:1      | Learned a level 3 spell: Confusing Touch
  1807 | D:2      | Reached skill level 5 in Hexes
  2288 | D:2      | Reached XP level 4. HP: 21/21 MP: 7/10
  2416 | D:2      | Found a shadowy altar of Dithmenos.
  2436 | D:2      | Became a worshipper of Dithmenos the Shadowed
  2574 | D:2      | Found a shattered altar of Ashenzari.
  3112 | D:3      | Learned a level 3 spell: Dazzling Flash
  3334 | D:3      | Found a faded altar of an unknown god.
  3393 | D:3      | Reached XP level 5. HP: 24/24 MP: 7/12
  3398 | D:3      | Reached skill level 5 in Stealth
  4146 | D:4      | Found a sacrificial altar of Ru.
  4174 | D:4      | Found a stormy altar of Qazlal.
  4265 | D:4      | Reached * piety under Dithmenos
  4611 | D:4      | Reached XP level 6. HP: 28/28 MP: 14/14
  4620 | D:4      | Reached skill level 5 in Spellcasting
  4644 | D:5      | Entered Level 5 of the Dungeon
  4875 | D:5      | Found a glowing drain.
  4879 | Sewer    | Entered a sewer
  4882 | Sewer    | Reached skill level 6 in Stealth
  4953 | Sewer    | Reached XP level 7. HP: 31/32 MP: 7/16
  4969 | Sewer    | Found a white marble altar of Elyvilon.
  5039 | D:5      | Noticed Blork the orc
  5070 | D:5      | Found a sand-covered staircase.
  5094 | Ossuary  | Entered an ossuary
  5107 | Ossuary  | Reached ** piety under Dithmenos
  5701 | D:5      | Killed Blork the orc
  5727 | D:5      | Found an opulent altar of Gozag.
  5967 | D:5      | Reached skill level 5 in Dodging
  5967 | D:5      | Reached skill level 7 in Stealth
  5985 | D:5      | Reached XP level 8. HP: 36/36 MP: 14/19
  6293 | D:5      | Found a runed translucent door.
  6294 | D:5      | Noticed Crazy Yiuf
  6316 | D:5      | Killed Crazy Yiuf
  6531 | D:6      | Found a hide-covered altar of Uskayaw.
  6589 | D:6      | Found a white marble altar of Elyvilon.
  6648 | D:6      | Found a runed translucent gate.
  6648 | D:6      | Found a runed translucent gate.
  6649 | D:6      | Found a runed translucent gate.
  6650 | D:6      | Noticed toph's ghost (novice DsFi)
  6703 | D:6      | Noticed Maggie
  6717 | D:6      | Killed Maggie
  6916 | D:6      | Reached skill level 8 in Stealth
  7439 | D:7      | Reached *** piety under Dithmenos
  7443 | D:7      | Found a burning altar of Makhleb.
  7446 | D:7      | Reached XP level 9. HP: 39/39 MP: 22/22
  7503 | D:7      | Found a staircase to the Ecumenical Temple.
  7540 | D:7      | Noticed Duvessa
  7546 | D:7      | Noticed Dowan
  7553 | D:7      | Killed Duvessa
  7562 | D:7      | Killed Dowan
  7562 | D:7      | Reached skill level 9 in Stealth
  7725 | D:7      | Reached skill level 5 in Short Blades
  8023 | D:7      | Noticed Menkaure
  8023 | D:7      | You fall into a shaft and drop 2 floors!
  8050 | D:9      | Noticed Erolcha
  8240 | D:8      | Noticed a troll
  8243 | D:8      | Killed a troll
  8427 | D:7      | Killed Menkaure
  8496 | D:7      | Reached skill level 10 in Spellcasting
  8842 | D:8      | Noticed Harold
  8844 | D:8      | Killed Harold
  8844 | D:8      | Reached skill level 10 in Stealth
  8844 | D:8      | Reached XP level 10. HP: 44/44 MP: 25/25
  8878 | D:8      | Noticed Pikel
  9115 | D:8      | Reached **** piety under Dithmenos
  9178 | D:8      | Found a hazy altar of Hepliaklqana.
  9298 | D:8      | Found a glowing golden altar of the Shining One.
  9303 | D:8      | Noticed Psyche
  9307 | D:8      | Killed Psyche
  9307 | D:8      | Reached skill level 1 in Fighting
  9542 | D:8      | Killed Pikel
  9580 | D:8      | Found a shimmering blue altar of Sif Muna.
  9644 | D:9      | Found a staircase to the Lair.
  9702 | D:9      | Reached skill level 11 in Stealth
 10456 | D:9      | Killed Erolcha
 10480 | D:9      | Reached skill level 10 in Dodging
 10494 | D:9      | Reached skill level 10 in Hexes
 10600 | D:9      | Found a bloodstained altar of Trog.
 10601 | D:9      | Found an iron altar of Okawaru.
 10849 | D:10     | Entered Level 10 of the Dungeon
 11148 | D:10     | Reached XP level 11. HP: 51/51 MP: 18/26
 11266 | D:10     | Found a staircase to the Orcish Mines.
 11285 | D:10     | Reached ***** piety under Dithmenos
 11304 | D:10     | Gained mutation: Your body sometimes deteriorates upon
                  | taking damage. [potion of mutation]
 11304 | D:10     | Gained mutation: You have a pair of small horns on your
                  | head. [potion of mutation]
 11304 | D:10     | Lost mutation: Your body sometimes deteriorates upon taking
                  | damage. [potion of mutation]
 11304 | D:10     | Gained mutation: You are agile. (Dex +2) [potion of
                  | mutation]
 11825 | D:10     | Reached skill level 12 in Stealth
 12905 | D:11     | Noticed a red ugly thing
 12910 | D:11     | Killed a red ugly thing
 13322 | D:12     | Noticed a two-headed ogre
 13328 | D:12     | Killed a two-headed ogre
 13395 | D:12     | Reached skill level 1 in Shields
 14487 | D:13     | Noticed a deep elf mage
 14491 | D:13     | Noticed a centaur warrior
 14504 | D:13     | Killed a deep elf mage
 14506 | D:13     | Reached skill level 13 in Stealth
 14527 | D:13     | Killed a centaur warrior
 14527 | D:13     | Reached XP level 12. HP: 58/58 MP: 14/27
 14706 | D:13     | Noticed a death knight
 14707 | D:13     | Noticed Nessos
 14712 | D:13     | Killed Nessos
 14767 | D:13     | Noticed a centaur warrior
 14774 | D:13     | Killed a centaur warrior
 14791 | D:13     | Reached ****** piety under Dithmenos
 14964 | D:13     | Reached skill level 5 in Fighting
 15666 | D:13     | Killed a death knight
 16063 | D:13     | Lost mutation: You are agile. (Dex +2) [potion of mutation]
 16063 | D:13     | Gained mutation: You have a pair of horns on your head.
                  | [potion of mutation]
 16063 | D:13     | Gained mutation: You are somewhat resistant to further
                  | mutation. [potion of mutation]
 16324 | D:14     | Reached skill level 14 in Stealth
 16343 | D:14     | Noticed a centaur warrior
 16617 | D:14     | Found a gate to the Vaults.
 16617 | D:14     | Noticed a vault guard
 16617 | D:14     | Noticed a vault guard
 16617 | D:14     | Noticed a vault guard
 16618 | D:14     | Noticed a vault guard
 16833 | D:14     | Killed a vault guard
 16833 | D:14     | Reached XP level 13. HP: 65/65 MP: 20/28
 16864 | D:14     | Reached skill level 10 in Short Blades
 17262 | D:14     | Reached skill level 5 in Shields
 20045 | D:15     | Entered Level 15 of the Dungeon
 20571 | D:15     | Reached skill level 15 in Stealth
 20717 | D:15     | Reached XP level 14. HP: 70/70 MP: 29/29
 20851 | D:15     | Found a shimmering blue altar of Sif Muna.
 20924 | D:15     | Found a staircase to the Depths.
 21567 | Depths:1 | Entered Level 1 of the Depths
 21706 | D:15     | HP: 3/70 [ettin/+0 dire flail (24)]
 22102 | Lair:1   | Entered Level 1 of the Lair of Beasts
 22114 | Lair:1   | Learned a level 3 spell: Tukima's Dance
 22117 | Lair:1   | Learned a level 2 spell: Blink
 22378 | Lair:1   | You fall into a shaft and drop 1 floor!
 22583 | Lair:1   | You fall into a shaft and drop 1 floor!
 23072 | Lair:2   | Reached skill level 1 in Translocations
 23348 | Lair:2   | Reached skill level 1 in Invocations
 23517 | Lair:2   | Noticed Fannar
 23696 | Lair:2   | Killed Fannar
 24462 | Lair:3   | Found a hole to the Spider Nest.
 24957 | Lair:3   | Found a staircase to the Swamp.
 25925 | Lair:4   | Reached skill level 16 in Stealth
 26830 | Lair:5   | Found a staircase to the Slime Pits.
 26957 | Lair:5   | Learned a level 3 spell: Mephitic Cloud
 26961 | Lair:5   | Learned a level 3 spell: Ignite Poison
 27098 | Lair:5   | Noticed Rupert
 27292 | Lair:5   | Killed Rupert
 27292 | Lair:5   | Reached skill level 1 in Transmutations
 27637 | Lair:5   | Reached skill level 1 in Poison Magic
 28219 | Lair:6   | Entered Level 6 of the Lair of Beasts
 28275 | Lair:6   | Reached XP level 15. HP: 66/76 MP: 16/30
 30050 | Lair:6   | Reached skill level 15 in Dodging
 30149 | Lair:6   | Got a fabulously ornate robe
 30150 | Lair:6   | Identified a scroll of acquirement
 30161 | Lair:6   | Identified the +2 robe of Esock {rElec Str+3 Stlth+} (You
                  | found it on level 6 of the Lair of Beasts)
 30161 | Lair:6   | Acquired the ring of Wigy {rPois Int+6 Slay+2}
 30303 | Spider:1 | Entered Level 1 of the Spider Nest
 31112 | Spider:1 | You fall into a shaft and drop 1 floor!
 32056 | Spider:2 | Reached skill level 5 in Transmutations
 32451 | Spider:2 | Reached skill level 5 in Invocations
 32465 | Spider:2 | Reached skill level 17 in Stealth
 33217 | Spider:2 | Noticed Arachne
 33228 | Spider:2 | Killed Arachne
 34132 | Spider:3 | Reached XP level 16. HP: 82/82 MP: 21/31
 34367 | Spider:3 | Noticed Nikola
 35426 | Spider:3 | Killed Nikola
 35637 | Spider:3 | Reached skill level 5 in Poison Magic
 36022 | Spider:3 | Acquired 1540 gold pieces
 36207 | Spider:4 | Entered Level 4 of the Spider Nest
 39505 | Spider:4 | Reached skill level 15 in Hexes
 39592 | Spider:4 | Reached skill level 18 in Stealth
 39951 | Spider:4 | Reached XP level 17. HP: 88/88 MP: 27/32
 40176 | Spider:4 | Got a gossamer rune of Zot
 40343 | Swamp:1  | Entered Level 1 of the Swamp
 40769 | Swamp:1  | Reached skill level 1 in Evocations
 40811 | Swamp:1  | Found a runed translucent gate.
 40812 | Swamp:1  | Found a runed translucent gate.
 40813 | Swamp:1  | Found a runed translucent gate.
 40817 | Swamp:1  | Noticed Iffuusoj's ghost (adept MiBe)
 40817 | Swamp:1  | Noticed Uhufain's ghost (adept HOMo)
 40825 | Swamp:1  | Noticed Riag's ghost (journeyman FeBe)
 40825 | Swamp:1  | Noticed Zoigrime's ghost (adept FoFi)
 41546 | Swamp:1  | Killed Uhufain's ghost
 42122 | Swamp:1  | Killed Riag's ghost
 42279 | Swamp:1  | Identified Ecsiem's Compendium of Hurtful Orientation
 42285 | Swamp:1  | Learned a level 3 spell: Gell's Gravitas
 42293 | Swamp:1  | Got a faintly humming cloak
 42308 | Swamp:1  | Killed Zoigrime's ghost
 42324 | Swamp:1  | Identified the +1 cloak "Wuijyoc" {rPois MR+ Dex+2} (You
                  | found it on level 1 of the Swamp)
 42395 | Swamp:2  | Reached skill level 5 in Translocations
 44454 | Swamp:4  | Entered Level 4 of the Swamp
 44466 | Swamp:4  | Noticed Mara
 44473 | Swamp:4  | Killed Mara
 44950 | Swamp:4  | Got a decaying rune of Zot
 44972 | Swamp:4  | Noticed the 27-headed Lernaean hydra
 45275 | Swamp:4  | Noticed Louise
 45278 | Swamp:4  | Killed Louise
 45414 | Swamp:4  | Slain by the 27-headed Lernaean hydra

Illustrated notes

Levels and vault maps discovered:
D:1:      ldierk_water_garden, layout_basic
D:2:      layout_basic, old_standard_altar, evilmike_ruin_ashenzari
D:3:      layout_loops_cross, chequers_ecumenical_altar_island
D:4:      layout_basic, nicolae_qazlal_eye_of_the_storm,
          overflow_temple_1_default
D:5:      layout_loops_ring, grunt_gozag_breadcrumbs, first_ration,
          gup_sewer_entry_bowl, enter_ossuary_4, uniq_blork_the_orc,
          uniq_crazy_yiuf_cottage
D:6:      layout_rooms, lemuel_round_altar, lemuel_round_altar,
          ebering_ghost_rock_garden, kennysheep_boxes, uniq_maggie
D:7:      layout_loops_cross, nicolae_overflow_crystal_walls,
          minmay_temple_entry_ruins, uniq_menkaure, uniq_duvessa
D:8:      hangedman_cross_stitches, layout_loops_ring, lemuel_crystal_altar,
          nicolae_tso_carved_into_rock, lemuel_coloured_pillars_altar,
          blue_anna_alchemist [blue_anna_fruit_fields, blue_anna_fruit_fields],
          uniq_psyche, uniq_pikel, uniq_harold
D:9:      layout_loops_ring, grunt_temple_overflow_bloody_war,
          due_lair_maze_entry_diamond, uniq_erolcha
D:10:     layout_long_grid, david_orc_1_choice, minmay_nine_imps
D:11:     layout_loops_ring
D:12:     kennysheep_ambush_hall, layout_cave_pools,
          minmay_misc_feat_secret_circle
D:13:     layout_small_grid, uniq_nessos
D:14:     cheibrodos_tormentor_scu, layout_loops_ring,
          lightli_vaults_fourway_checkpoint
D:15:     hangedman_depths_entry_try_elsewhere_first, layout_cave_pools,
          lemuel_blue_sif_altar
Lair:1:   layout_hall_layers, serial_bayou_lagoon_b, lemuel_fruit_tree,
          lemuel_fruit_fields
Lair:2:   layout_gridlike, st_stairs_5, grunt_forest_stairs_clearing,
          uniq_fannar
Lair:3:   layout_cave_pods, minmay_swamp_entry_worms,
          nicolae_spider_entry_tight_spaces, grunt_megastairs_2
Lair:4:   layout_cave_pods, grunt_megastairs_1
Lair:5:   layout_concentric_octagons, nicolae_slime_entry_slimehenge,
          minivault_25, uniq_rupert
Lair:6:   grunt_lair_end_beastmaster, layout_loops_ring, grunt_megastairs_3,
          infiniplex_staircase_pool_2
Swamp:1:  layout_basic_swamp, gammafunk_ghost_cemetery,
          evilmike_swamp_ruin_house_4, swamp_pool3, infiniplex_staircase_pool
Swamp:2:  layout_basic_swamp, evilmike_swamp_ruin_wall
Swamp:3:  layout_basic_swamp, hangedman_swamp_ruin_hall
Swamp:4:  swamp_old_school, layout_basic_swamp, swamp_pool2, uniq_louise,
          uniq_mara
Spider:1: layout_spider_delve
Spider:2: layout_chambers, uniq_arachne
Spider:3: layout_spider_delve, drop_trap, uniq_nikola
Spider:4: grunt_spider_rune_island
Depths:1: layout_cave_shapes, enter_ziggurat_b, corexii_hall_statues_x,
          hell_entry, chequers_serial_rivers_micro_e, kennysheep_small_square,
          kennysheep_random_hallway, uniq_asterion

Skill      XL: |  1  2  3  4  5  6  7  8  9 10 11 12 13 14 15 16 17 |
---------------+----------------------------------------------------+-----
Hexes          | 4 5 6 7 9 10 11 12 13 14 15 | 15.5
Spellcasting   | 3 4 5 7 8 10 | 10.5
Stealth        | 5 6 7 8 10 11 13 14 15 16 17 18 | 18.6
Short Blades   | 2 3 4 5 7 8 9 10 11 12 13 | 13.4
Dodging        | 4 5 6 8 10 11 12 13 14 15 16 17 | 17.1
Fighting       | 2 4 5 6 7 8 9 |  9.7
Shields        | 2 3 7 |  7.2
Translocations | 4 8 |  8.3
Invocations    | 3 5 6 7 |  7.9
Transmutations | 2 5 7 |  7.9
Poison Magic   | 1 4 6 |  6.5
Evocations     | 4 |  4.5

Action                   |  1- 3 |  4- 6 |  7- 9 | 10-12 | 13-15 | 16-18 || total
-------------------------+-------+-------+-------+-------+-------+-------++-------
Melee: Dagger            |   125 |   186 |   203 |   459 |   838 |   671 ||  2482
       Headbutt          |       |       |       |    60 |   137 |   127 ||   324
Throw: Boomerang         |       |       |       |       |       |     2 ||     2
 Cast: Corona            |     2 |       |       |       |       |       ||     2
       Ensorcelled Hiber |    20 |    28 |    46 |   143 |   250 |   159 ||   646
       Confusing Touch   |       |     4 |    22 |    42 |    51 |    49 ||   168
       Dazzling Flash    |       |     5 |       |    38 |    58 |     8 ||   109
       Ignite Poison     |       |       |       |       |    20 |    31 ||    51
       Mephitic Cloud    |       |       |       |       |    24 |    38 ||    62
       Tukima's Dance    |       |       |       |       |     1 |     2 ||     3
       Blink             |       |       |       |       |       |     7 ||     7
       Gell's Gravitas   |       |       |       |       |       |     5 ||     5
Invok: Shadow Step       |       |       |       |       |     2 |     4 ||     6
 Abil: Evoke Flight      |       |     1 |     1 |       |       |    33 ||    35
       Stop Flying       |       |       |       |       |       |     1 ||     1
Evoke: Wand              |       |       |       |       |    27 |     2 ||    29
       Box of beasts     |       |       |       |       |     1 |       ||     1
  Use: Scroll            |       |    18 |     9 |    11 |     8 |     7 ||    53
       Potion            |       |       |     1 |     4 |     3 |       ||     8
 Stab: Sleeping          |    23 |    27 |    56 |   130 |   180 |   138 ||   554
       Confused          |       |     4 |    15 |    38 |    56 |    69 ||   182
       Invisible         |       |     3 |       |    27 |    38 |     7 ||    75
       Distracted        |       |       |     3 |     1 |     1 |     5 ||    10
  Eat: Ration            |     2 |     3 |     2 |     4 |     8 |    10 ||    29
Armor: Robe              |     6 |    16 |     2 |    14 |    25 |    37 ||   100
Dodge: Dodged            |    78 |   143 |    85 |   401 |   657 |   618 ||  1982
Block: Buckler           |       |       |       |       |   220 |   247 ||   467
